 Dungeon Crawl Stone Soup version 0.30-a0-847-g17996783a1 (webtiles) character file.

Game seed: 13384971930301521205

420 Maxmaps the Skirmisher (level 6, 0/51 HPs)
             Began as a Gnoll Hunter on Mar 4, 2023.
             Slain by a gnoll
             ... wielding a +0 whip
              (3 damage)
             ... on level 3 of the Dungeon.
             The game lasted 00:03:46 (2359 turns).

Maxmaps the Skirmisher (Gnoll Hunter)               Turns: 2359, Time: 00:03:47

Health: 0/51       AC:  6    Str: 11    XL:     6   Next: 94%
Magic:  9/9        EV: 13    Int: 10    God:
Gold:   197        SH:  0    Dex: 21    Spells: 9/9 levels left

rFire   . . .      SeeInvis .    e - +2 dagger (venom)
rCold   . . .      Faith    .    (no shield)
rNeg    . . .      Spirit   .    t - +0 ring mail
rPois   .          Reflect  .    (no helmet)
rElec   .          Rampage  .    p - +0 cloak
rCorr   .                        (no gloves)
Will    .....                    (no boots)
Stlth   ++                       (no amulet)
HPRegen 0.28/turn                j - +6 ring of dexterity
MPRegen 0.11/turn                (no ring)

@: no status effects
A: fangs 1, strong nose, distributed training
a: no special abilities


You were on level 3 of the Dungeon.
You visited 1 branch of the dungeon, and saw 4 of its levels.

You collected 197 gold pieces.

Inventory:

Hand Weapons
 a - a +0 shortbow
 e - a +2 dagger of venom (weapon)
Armour
 c - a +0 leather armour
 p - a +0 cloak (worn)
 t - a +0 ring mail (worn)
Jewellery
 j - a +6 ring of dexterity (left hand)
Scrolls
 b - a scroll of immolation
 g - 4 scrolls of teleportation {unknown}
 h - a scroll of enchant weapon {unknown}
 i - 5 scrolls of identify {unknown}
 k - 2 scrolls of poison {unknown}
 n - a scroll of fear {unknown}
 o - 2 scrolls of magic mapping {unknown}
 q - 2 scrolls of noise {unknown}
 r - a scroll of amnesia {unknown}
Potions
 f - a potion of attraction {unknown}
 l - a potion of berserk rage {unknown}
 m - a potion of flight {unknown}
 s - a potion of ambrosia {unknown}


   Skills:
 + Level 5.1 Fighting
 + Level 2.2 Short Blades
 + Level 2.2 Long Blades
 + Level 2.2 Axes
 + Level 2.2 Maces & Flails
 + Level 2.2 Polearms
 + Level 2.2 Staves
 + Level 8.8 Ranged Weapons
 + Level 2.2 Throwing
 + Level 2.2 Armour
 + Level 5.1 Dodging
 + Level 3.3 Stealth
 + Level 2.2 Shields
 + Level 2.2 Unarmed Combat
 + Level 2.2 Spellcasting
 + Level 1.8 Conjurations
 + Level 1.8 Hexes
 + Level 1.8 Summonings
 + Level 1.8 Necromancy
 + Level 1.8 Translocations
 + Level 1.8 Transmutations
 + Level 1.8 Fire Magic
 + Level 1.8 Ice Magic
 + Level 1.8 Air Magic
 + Level 1.8 Earth Magic
 + Level 1.8 Poison Magic
 + Level 2.5 Invocations
 + Level 2.2 Evocations


You had 9 spell levels left.
You didn't know any spells.
Your spell library contained the following spells:

 Spells                   Type           Power      Damage    Failure   Level
 Anguish                  Hex/Necr       2%         N/A       97%         4
 Enfeeble                 Hex            2%         N/A       100%        7


Dungeon Overview and Level Annotations

Branches:
Dungeon (4/15)
 Temple: D:4-7

Altars:

Shops:
D:1 (


Innate Abilities, Weirdness & Mutations

You have very sharp teeth.
Your uncanny sense of smell can sniff out nearby items.
Your experience applies equally to all skills.


Message History

The gnoll freezes you.
* * * LOW HITPOINT WARNING * * *
The gnoll hits you from afar with a +0 spear.
* * * LOW HITPOINT WARNING * * *
The gnoll barely misses you. The gnoll hits you with a +0 whip.
* * * LOW HITPOINT WARNING * * *
The gnoll closely misses you. The gnoll attacks as you move away!
The gnoll hits you but does no damage. The gnoll attacks as you move away!
The gnoll closely misses you. The gnoll hits you but does no damage.
The gnoll attacks as you move away! The gnoll hits you with a +0 whip.
* * * LOW HITPOINT WARNING * * *
You kill the gnoll!
The gnoll attacks as you move away! The gnoll hits you but does no damage.
You are too injured to fight recklessly!
You are too injured to fight recklessly!
The gnoll attacks as you move away! The gnoll closely misses you.
The gnoll attacks as you move away! The gnoll hits you with a +0 whip.
* * * LOW HITPOINT WARNING * * *
The gnoll attacks as you move away! The gnoll hits you with a +0 whip.
* * * LOW HITPOINT WARNING * * *
You see here a quokka skeleton.
The gnoll attacks as you move away! The gnoll hits you with a +0 whip.
* * * LOW HITPOINT WARNING * * *
The gnoll attacks as you move away! The gnoll closely misses you.
There is a stone staircase leading up here.
You feel better.
The gnoll hits you from afar with a +0 spear.
* * * LOW HITPOINT WARNING * * *
The gnoll barely misses you.
You climb upwards.
There is a stone staircase leading down, spattered with blood here.
You hit the gnoll. Your punch misses the gnoll.
The gnoll is lightly wounded.
The gnoll hits you with a +0 whip.
* * * LOW HITPOINT WARNING * * *
You hit the gnoll.
The gnoll is poisoned.
The gnoll is heavily wounded.
The gnoll hits you with a +0 whip.
You die...

...# #.#####.# #.# #.# ...# #.#
#.# #.## #.# ...# #.# #.# #..###
#.# ...# #.# #.# ##...######..
...#####.# #.# ###.....<...
.........#####.#########.######.#
...###............)......##......
.....#.#######.#######....#......
...#.....[.....#@......##........
.........###....g##########......
###.<>...##..##### #......
###.........## #......
..#......#### #...... #........#
####.## ###......## ######.#
#.......##### #......#
#######.....###########.....##


You could see a gnoll (very poisoned).

Vanquished Creatures
  Sigmund (D:2)
  A black bear (D:3)
  2 orc priests (D:3)
  2 gnolls (D:4)
  2 adders
  2 worms
  5 orcs (D:3)
  5 ball pythons
  6 endoplasms
  3 giant cockroaches
  8 goblins
  9 hobgoblins
  5 jackals
  3 quokkas
  5 bats
  4 frilled lizards
  3 kobolds (D:1)
  2 rats
68 creatures vanquished.

Notes
Turn   | Place    | Note
-------+----------+-------------------------------------------
     0 | D:1      | Maxmaps the Gnoll Hunter began the quest for the Orb.
     0 | D:1      | Reached XP level 1. HP: 20/20 MP: 1/1
    81 | D:1      | Found Zusuthrae's Weapon Emporium.
   242 | D:1      | Reached XP level 2. HP: 26/26 MP: 2/2
   696 | D:1      | Reached XP level 3. HP: 30/31 MP: 3/3
   864 | D:2      | Reached skill level 1 in Invocations
   918 | D:2      | Reached skill level 1 in Short Blades
   918 | D:2      | Reached skill level 1 in Long Blades
   918 | D:2      | Reached skill level 1 in Axes
   918 | D:2      | Reached skill level 1 in Maces & Flails
   918 | D:2      | Reached skill level 1 in Polearms
   918 | D:2      | Reached skill level 1 in Staves
   918 | D:2      | Reached skill level 1 in Throwing
   918 | D:2      | Reached skill level 1 in Armour
   918 | D:2      | Reached skill level 1 in Shields
   918 | D:2      | Reached skill level 1 in Unarmed Combat
   918 | D:2      | Reached skill level 1 in Spellcasting
   918 | D:2      | Reached skill level 1 in Evocations
   988 | D:2      | Noticed Sigmund
   997 | D:2      | Killed Sigmund
   998 | D:2      | Reached skill level 1 in Conjurations
   998 | D:2      | Reached skill level 1 in Hexes
   998 | D:2      | Reached skill level 1 in Summonings
   998 | D:2      | Reached skill level 1 in Necromancy
   998 | D:2      | Reached skill level 1 in Translocations
   998 | D:2      | Reached skill level 1 in Transmutations
   998 | D:2      | Reached skill level 1 in Fire Magic
   998 | D:2      | Reached skill level 1 in Ice Magic
   998 | D:2      | Reached skill level 1 in Air Magic
   998 | D:2      | Reached skill level 1 in Earth Magic
   998 | D:2      | Reached skill level 1 in Poison Magic
   998 | D:2      | Reached XP level 4. HP: 28/38 MP: 4/6
   998 | D:2      | Reached XP level 5. HP: 31/43 MP: 4/7
  1498 | D:3      | Reached XP level 6. HP: 19/50 MP: 8/8
  1624 | D:3      | Reached skill level 5 in Fighting
  1624 | D:3      | Reached skill level 5 in Dodging
  2058 | D:4      | Noticed a black bear
  2075 | D:3      | Killed a black bear
  2359 | D:3      | Slain by a gnoll

Illustrated notes

Levels and vault maps discovered:
D:1:      co_arrival_two_rings, layout_basic, serial_shops,
          nicolae_shop_bloodbath_and_beyond, st_stairs_8,
          chequers_hall_statues_corner_a
D:2:      layout_rooms, uniq_sigmund
D:3:      layout_rooms
D:4:      layout_cave_pools, mainiacjoe_overflow_alcove_1,
          nicolae_ru_the_path_less_chosen

Skill      XL: |  1  2  3  4  5  6 |
---------------+-------------------+-----
Invocations    | 2 |  2.5
Short Blades   | 1 2 |  2.2
Long Blades    | 1 2 |  2.2
Axes           | 1 2 |  2.2
Maces & Flails | 1 2 |  2.2
Polearms       | 1 2 |  2.2
Staves         | 1 2 |  2.2
Throwing       | 1 2 |  2.2
Armour         | 1 2 |  2.2
Shields        | 1 2 |  2.2
Unarmed Combat | 1 2 |  2.2
Spellcasting   | 1 2 |  2.2
Evocations     | 1 2 |  2.2
Conjurations   | 1 |  1.8
Hexes          | 1 |  1.8
Summonings     | 1 |  1.8
Necromancy     | 1 |  1.8
Translocations | 1 |  1.8
Transmutations | 1 |  1.8
Fire Magic     | 1 |  1.8
Ice Magic      | 1 |  1.8
Air Magic      | 1 |  1.8
Earth Magic    | 1 |  1.8
Poison Magic   | 1 |  1.8
Stealth        | 3 |  3.3
Fighting       | 5 |  5.1
Dodging        | 5 |  5.1
Ranged Weapons | |  8.8

Action                     |  1- 3 |  4- 6 || total
---------------------------+-------+-------++-------
  Melee: Dagger            |    74 |    89 ||   163
         Bite              |     6 |    14 ||    20
         Punch             |     2 |     3 ||     5
   Fire: Shortbow          |     9 |       ||     9
    Use: Potion            |       |     2 ||     2
   Stab: Sleeping          |     3 |     1 ||     4
         Distracted        |       |     2 ||     2
 Armour: Leather armour    |    19 |    18 ||    37
         Ring mail         |       |     9 ||     9
  Dodge: Dodged            |    53 |    70 ||   123

Table legend: (Time is in decaauts)
 A = Elapsed time spent in this place.
 B = Non-inter-level travel time spent in this place.
 C = Inter-level travel time spent in this place.
 D = Time resting spent in this place.
 E = Time spent auto-exploring this place.
 F = Levels seen in this place.
 G = Mean time per level.
                   A        B        C        D        E       F      G
               +--------+--------+--------+--------+--------+-----+--------+
         Total |   2350 |   2306 |     44 |    355 |   1397 |   4 |  587.5 |
       Dungeon |   2350 |   2306 |     44 |    355 |   1397 |   4 |  587.5 |
               +--------+--------+--------+--------+--------+-----+--------+

Top non-repeatable levels by time:
     D:3: 895 daAuts
     D:1: 781 daAuts
     D:2: 553 daAuts
     D:4: 120 daAuts
